AoeStats
← wangdengfeng88

Arena

510514229Analyzed
3v3 RM · 2d ago on Oct 1, 2026· 61m 57s· 6 players
Game mode
Random Map
Map size
Normal (6 player)
Population
200
Speed
Normal
Resources
Standard
Victory
Conquest
Starting age
Dark Age
Ending age
Imperial Age
RankedLock teamsTeams togetherTeam positionsShared explorationLock speedFull tech treeHidden civsTurbo modeCheats
Victory
Defeat
🇨🇳 Spanish · China
1075
+12
🇪🇸 Byzantines · Spain
1047
+14
🇺🇸 Huns · United States
996
+16
🇨🇳 Saracens · China
1016
-15
🇹🇼 Varangians · Taiwan
997
-14
🇨🇳 Japanese · China
964
-13
Pr8feSS8r
4:22 Loom
5:59 Loom
7:42 Loom
11:14 Feudal Age
15:30 Castle Age
14:12 Double-Bit Axe
18:01 Bow Saw
18:55 Wheelbarrow
18:13 Horse Collar
24:36 Heavy Plow
26:08 Hand Cart
30:04 Imperial Age
27:58 Scale Mail Armor
28:29 Gold Mining
29:13 Crossbowman
30:35 Gold Shaft Mining
29:52 Stone Mining
31:06 Chain Mail Armor
30:15 Elite Varangian Guard
32:22 Two-Man Saw
31:53 Crop Rotation
32:30 Stone Shaft Mining
32:21 Forging
32:37 Loom
33:27 Ballistics
33:20 Squires
33:06 Gambesons
35:32 Iron Casting
35:29 Arbalester
38:07 Fletching
39:10 Fortified Wall
40:01 Chemistry
39:26 Thumb Ring
39:19 Bodkin Arrow
39:24 Treadmill Crane
39:46 Murder Holes
40:30 Hoardings
39:59 Arson
40:54 Bracer
41:47 Padded Archer Armor
42:56 Scale Barding Armor
44:15 Plate Mail Armor
44:05 Leather Archer Armor
43:56 Caravan
45:08 Logistica
45:23 Conscription
44:47 Elite Skirmisher
55:46 Ring Archer Armor
wangdengfeng88
10:16 Feudal Age
15:18 Castle Age
13:51 Double-Bit Axe
14:57 Gold Mining
17:31 Horse Collar
23:35 Padded Archer Armor
26:31 Bow Saw
27:17 Husbandry
30:54 Leather Archer Armor
31:22 Wheelbarrow
31:41 Bloodlines
31:49 Loom
32:34 Stone Mining
36:10 Imperial Age
34:54 Stone Shaft Mining
34:26 Heavy Plow
36:11 Hand Cart
37:32 Conscription
37:46 Ring Archer Armor
38:21 Chemistry
37:35 Town Watch
38:53 Two-Man Saw
38:36 Elite Conquistador
39:40 Thumb Ring
40:24 Ballistics
40:45 Cavalier
41:37 Forging
41:32 Scale Barding Armor
42:39 Murder Holes
43:15 Town Patrol
43:41 Guilds
44:49 Iron Casting
44:35 Chain Barding Armor
45:47 Paladin
47:06 Plate Barding Armor
47:23 Supremacy
48:28 Fletching
53:11 Bodkin Arrow
54:16 Blast Furnace
54:22 Bombard Tower
56:36 Hoardings
56:27 Fortified Wall
58:12 Masonry
58:10 Inquisition
57:40 Sappers
62:30 Coinage
62:01 Caravan
62:03 Bracer
62:03 Scale Mail Armor
Sonhero1
2:12 Loom
11:43 Feudal Age
12:29 Horse Collar
17:33 Castle Age
15:49 Double-Bit Axe
16:07 Stone Mining
16:22 Gold Mining
18:25 Wheelbarrow
19:03 Bow Saw
20:54 Heavy Plow
24:11 Gold Shaft Mining
26:13 Hand Cart
26:51 Town Watch
27:20 Forging
27:10 Scale Mail Armor
27:15 Scale Barding Armor
31:06 Imperial Age
29:33 Scale Barding Armor
30:03 Iron Casting
29:28 Scale Mail Armor
29:48 Marauders
29:51 Husbandry
30:01 Bloodlines
29:34 Pikeman
30:14 Squires
31:00 Caravan
32:19 Ballistics
32:42 Conscription
33:01 Chain Barding Armor
32:56 Chain Mail Armor
32:59 Guilds
34:45 Blast Furnace
34:20 Plate Barding Armor
34:00 Chain Mail Armor
36:20 Two-Man Saw
35:29 Elite Tarkan
37:18 Chain Mail Armor
36:29 Halberdier
37:22 Fletching
37:32 Padded Archer Armor
38:38 Chemistry
39:10 Elite Skirmisher
39:56 Thumb Ring
40:17 Parthian Tactics
41:03 Bodkin Arrow
41:23 Leather Archer Armor
46:34 Heavy Cavalry Archer
48:46 Bracer
GTX-5090
10:27 Feudal Age
9:09 Loom
10:56 Horse Collar
11:03 Double-Bit Axe
12:01 Wheelbarrow
12:14 Gold Mining
19:25 Castle Age
18:52 Town Watch
19:13 Stone Mining
20:04 Bloodlines
20:09 Scale Barding Armor
20:14 Forging
20:05 Light Cavalry
21:28 Husbandry
24:09 Fervor
24:20 Sanctity
26:30 Heavy Plow
26:47 Devotion
26:47 Fletching
27:56 Herbal Medicine
27:59 Bodkin Arrow
28:33 Bow Saw
32:06 Thumb Ring
32:21 Hand Cart
36:07 Imperial Age
33:01 Elite Skirmisher
33:02 Crossbowman
34:07 Treadmill Crane
34:38 Masonry
34:50 Ballistics
34:26 Murder Holes
34:47 Fortified Wall
35:19 Iron Casting
34:45 Scale Mail Armor
34:34 Gambesons
34:50 Squires
34:36 Arson
34:12 Pikeman
36:33 Halberdier
38:16 Chemistry
37:02 Arrowslits
37:07 Guard Tower
37:23 Siege Engineers
36:43 Capped Ram
38:28 Blast Furnace
37:43 Chain Mail Armor
37:49 Chain Barding Armor
37:29 Padded Archer Armor
37:30 Bracer
39:08 Two-Man Saw
38:28 Caravan
39:42 Plate Mail Armor
39:45 Parthian Tactics
38:40 Heavy Cavalry Archer
38:46 Man-at-Arms
40:48 Long Swordsman
41:52 Conscription
40:54 Elite Samurai
41:35 Yasama
42:09 Leather Archer Armor
43:08 Keep
42:27 Two-Handed Swordsman
44:24 Gold Shaft Mining
43:26 Champion
46:47 Kataparuto
47:03 Hoardings
森永
8:42 Loom
11:02 Feudal Age
14:03 Double-Bit Axe
19:29 Castle Age
17:44 Horse Collar
17:56 Stone Mining
18:18 Scale Mail Armor
18:58 Forging
18:51 Gold Mining
20:55 Bow Saw
24:14 Wheelbarrow
24:08 Gambesons
24:58 Chain Mail Armor
25:48 Heavy Plow
27:34 Squires
27:20 Arson
29:03 Hand Cart
30:14 Stone Shaft Mining
33:25 Iron Casting
40:47 Imperial Age
40:50 Elite Varangian Guard
45:03 Elite Skirmisher
xiaoye
10:42 Feudal Age
12:26 Loom
14:55 Castle Age
13:05 Double-Bit Axe
13:34 Horse Collar
18:56 Heavy Plow
24:04 Gold Mining
24:31 Town Watch
26:40 Scale Barding Armor
27:26 Bloodlines
27:17 Husbandry
29:29 Chain Barding Armor
29:44 Forging
30:13 Light Cavalry
34:33 Imperial Age
34:34 Iron Casting
34:25 Caravan
35:55 Hoardings
35:56 Elite Skirmisher
37:03 Fletching
36:42 Hussar
38:50 Conscription
39:51 Wheelbarrow
40:00 Bodkin Arrow
40:06 Padded Archer Armor
41:48 Bracer
Connection lost

Rejoining the realm…

Still unreachable

The connection could not be restored.

Session expired

The server has moved on; the page needs a fresh start.